 Dungeon Crawl Stone Soup version 0.21-a0-525-ga34b322 (webtiles) character file.

53 slep the Chopper (level 3, 0/18 HPs)
             Began as a Vine Stalker Gladiator on Dec 8, 2017.
             Slain by a jackal (2 damage)
             ... on level 2 of the Dungeon.
             The game lasted 00:02:58 (805 turns).

slep the Chopper (Vine Stalker Gladiator)            Turns: 805, Time: 00:02:58

Health: 0/18       AC:  4    Str: 17    XL:     3   Next: 87%
Magic:  0/4        EV: 13    Int:  8    God:
Gold:   27         SH:  0    Dex: 15    Spells: 2/2 levels left

rFire    . . .     SeeInvis .   a - +0 war axe
rCold    . . .     Gourm    .   (no shield)
rNeg     . . .     Faith    .   b - +0 leather armour
rPois    .         Spirit   +   c - +0 helmet
rElec    .         Reflect  .   (no cloak)
rCorr    .         Harm     .   (no gloves)
MR       .....                  (no boots)
Stlth    +.........             (no amulet)
HPRegen  0.06/turn              (no ring)
MPRegen  0.09/turn              (no ring)

@: no status effects
A: fangs 2, magic shield, antimagic bite, no potion heal 3, rot immunity
a: no special abilities


You were on level 2 of the Dungeon.
You were not hungry.

You visited 1 branch of the dungeon, and saw 2 of its levels.

You collected 27 gold pieces.

Inventory:

Hand Weapons
 a - a +0 war axe (weapon)
Missiles
 d - 3 throwing nets (quivered)
Armour
 b - a +0 leather armour (worn)
 c - a +0 helmet (worn)
Scrolls
 e - a scroll of teleportation {unknown}
Potions
 j - a potion of flight {unknown}
Comestibles
 f - 2 bread rations
 g - a meat ration
 h - 4 fruits


   Skills:
 + Level 2.0 Fighting
 + Level 3.4 Axes
 + Level 2.0 Throwing
 + Level 0.2 Armour
 + Level 2.9 Dodging


You had 2 spell levels left.
You didn't know any spells.

Dungeon Overview and Level Annotations

Branches:
Dungeon (2/15)

Altars:
Okawaru

Annotations:
D:2 1 transporter


Innate Abilities, Weirdness & Mutations

You have extremely sharp teeth.
When hurt, damage is shared between your health and your magic reserves.
Your bite disrupts and absorbs the magic of your enemies.
Potions cannot restore your health.
You are immune to rotting.


Message History

* * * LOW HITPOINT WARNING * * *
You closely miss the jackal. You bite the jackal, but do no damage.
The jackal bites you but does no damage.
The jackal bites you but does no damage.
Found a stone staircase leading up.
You closely miss the jackal.
The jackal bites you but does no damage.
The jackal bites you.
* * * LOW HITPOINT WARNING * * *
You barely miss the jackal. You bite the jackal, but do no damage.
The jackal bites you but does no damage. x2
You miss the jackal. Your bite misses the jackal.
The jackal closely misses you. The jackal barely misses you.
You slash the jackal!
You kill the jackal!
The jackal closely misses you.
You hit the jackal.
You kill the jackal!
The jackal bites you.
You die...

### #### ##
#.##.#.############<
#hh@<#............#.
#######.####.##########.#.
..............#......##.#.
.#######)####..#.####.##.#.
..........# #..#.####.##.#.
###......###..#.........#.
#...†...............).#.
#.......#########.....#.
........##HZ....[##......


You could see 2 jackals.

Vanquished Creatures
  An ooze (D:1)
  A leopard gecko (D:1)
  2 ball pythons (D:1)
  A giant cockroach (D:1)
  6 goblins
  6 hobgoblins (D:1)
  9 jackals
  A kobold (D:1)
  A quokka (D:2)
  5 bats (D:1)
  3 frilled lizards (D:1)
  4 rats (D:1)
40 creatures vanquished.

Notes
Turn   | Place    | Note
-------+----------+-------------------------------------------
     0 | D:1      | slep the Vine Stalker Gladiator began the quest for the Orb.
     0 | D:1      | Reached XP level 1. HP: 11/11 MP: 2/2
   106 | D:1      | Reached skill level 3 in Axes
   106 | D:1      | Reached XP level 2. HP: 5/15 MP: 1/3
   505 | D:1      | Reached XP level 3. HP: 18/18 MP: 4/4
   745 | D:2      | Found an iron altar of Okawaru.
   746 | D:2      | Noticed a hippogriff
   768 | D:2      | Found a transporter.
   805 | D:2      | Slain by a jackal

Vault maps used:
D:1:      minmay_arrival_nine_rooms
D:2:      gammafunk_temple_overflow_arena, chequers_ecumenical_altar_twisty

Skill      XL: |  1  2  3 |
---------------+----------+-----
Axes           | 3 |  3.4
Throwing       | 2 |  2.0
Fighting       | 2 |  2.0
Armour         | |  0.2
Dodging        | |  2.9

Action                   || total
-------------------------++-------
Melee: War axe           ||    90
       Bite              ||    21
Armor: Leather armour    ||    42
Dodge: Dodged            ||   101

Table legend:
 A = Spawn XP
 B = Non-spawn XP
 C = Spawn XP percentage of total XP
 D = Spawn monster count
 E = Non-spawn monster count
 F = Spawn count percentage of total count
 G = Total turns spent on level
                    A         B        C        D         E        F      G
               +---------+---------+-------+---------+---------+-------+---------
         Total |       0 |      76 |   0.0 |       0 |      40 |   0.0 |   805
               +---------+---------+-------+---------+---------+-------+---------
           D:1 |       0 |      64 |   0.0 |       0 |      34 |   0.0 |   735
           D:2 |       0 |      12 |   0.0 |       0 |       6 |   0.0 |    70
               +---------+---------+-------+---------+---------+-------+---------
